 Dungeon Crawl Stone Soup version 0.30-a0-1043-g60ff8d5f49 (webtiles) character file.

Game seed: 10288488622020523273

7 elagabalus the Grasshopper (level 1, 18/18 HPs)
             Began as an Armataur Warper on Apr 10, 2023.
             Quit the game on level 1 of the Dungeon.
             The game lasted 00:02:07 (135 turns).

elagabalus the Grasshopper (Armataur Warper)         Turns: 135, Time: 00:02:07

Health: 18/18      AC:  3    Str: 16    XL:     1   Next: 91%
Magic:  3/3        EV:  9    Int: 13    God:
Gold:   0          SH:  0    Dex:  9    Spells: 4/4 levels left

rFire   . . .      SeeInvis .    a - +0 mace
rCold   . . .      Faith    .    (no shield)
rNeg    . . .      Spirit   .    (no body armour)
rPois   .          Reflect  .    (no helmet)
rElec   .          Roll     +    (no cloak)
rCorr   .                        (no gloves)
Will    .....                    (no barding)
Stlth   +                        (no amulet)
HPRegen 0.23/turn                (no ring)
MPRegen 0.08/turn                (no ring)

@: no status effects
A: large, rugged brown scales 3, deformed body, armoured tail, roll, long
tongue, awkward tongue
a: no special abilities


You were on level 1 of the Dungeon.
You visited 1 branch of the dungeon, and saw 1 of its levels.

Inventory:

Hand Weapons
 a - a +0 mace (weapon)
 g - a +3 sling of draining
Missiles
 d - 7 boomerangs of dispersal (quivered)
Armour
 b - a +0 leather armour
Scrolls
 c - a scroll of blinking
 f - a scroll of enchant weapon {unknown}
Potions
 e - a potion of cancellation {unknown}


   Skills:
 * Level 1.9 Fighting
 - Level 2.0 Maces & Flails
 - Level 0.8 Throwing
 - Level 1.2 Armour
 - Level 1.3 Dodging
 - Level 2.1 Spellcasting
 - Level 3.0 Translocations


You had 4 spell levels left.
You didn't know any spells.
Your spell library contained the following spells:

 Spells                   Type           Power      Damage    Failure   Level
 Blink                    Tloc           18%        N/A       11%         2
 Lesser Beckoning         Tloc           18%        N/A       11%         2
 Teleport Other           Tloc           9%         N/A       22%         3
 Vhi's Electric Charge    Tloc/Air       10%        N/A       38%         3
 Manifold Assault         Tloc           9%         N/A       58%         4


Dungeon Overview and Level Annotations

Branches:
Dungeon (1/15)

Altars:


Innate Abilities, Weirdness & Mutations

You are completely covered in rugged brown scales. (AC +3, +7% HP)
Armour fits poorly on your strangely shaped body.
You have a long armoured tail.
You roll when moving toward enemies. (Rampage)
Your long tongue fully drains potion bottles. (2x potion effects)
Your tongue gives you trouble enunciating. (1.5x scroll delay)


Message History

Found a glowing sling.
Found a scroll labelled PIELOI EQUHOE.
A hobgoblin comes into view.
The hobgoblin shouts!
You hear a shout!
A kobold comes into view. It is wielding a +0 club.
You see here a ruby potion.
e - a ruby potion You roll towards the hobgoblin!
The hobgoblin barely misses you.
You barely miss the hobgoblin. The hobgoblin completely misses you.
You sock the hobgoblin!
You kill the hobgoblin!
Your Spellcasting skill increases to level 2!
You miss the kobold. The kobold hits you with a +0 club.
You barely miss the kobold. The kobold hits you but does no damage.
The kobold hits you with a +0 club.
You sock the kobold!
You kill the kobold!
Your Maces & Flails skill increases to level 2!
Things that are here:
a +0 club; a hobgoblin corpse
f - a scroll labelled PIELOI EQUHOE A giant cockroach comes into view.
You see here a +3 sling of draining.
You sock the giant cockroach!
You kill the giant cockroach!
You see here a +3 sling of draining.
g - a +3 sling of draining A ball python comes into view.
The ball python hisses angrily.
You open the door.
Found a hand axe.
Found a faded altar of an unknown god.
There is an open door here.
You closely miss the ball python.
The ball python bites you but does no damage.
The ball python barely misses you.
You hit the ball python.
You kill the ball python!
You see here a ball python corpse.
There is an open door here.
Are you sure you want to abandon this character and quit the game? (Confirm with "yes".)

#........# .# #........# ..#
#........# ...#
#..).....######....#
#..................# #######
##...........†......#
#.....###......#####'#......+
#.....#........#....P#......#
#.....'.########@###8#......#
#.....##.......#.# .)###....#
>......'.......#.# #.# ....#
.#######.......#.+


#PP ...# #.........### #P_ #### #........... ##.. ##........... #. #...#########
#....# There were no monsters in sight!

Vanquished Creatures
  A ball python (D:1)
  A bat (D:1)
  2 giant cockroaches (D:1)
  A hobgoblin (D:1)
  A kobold (D:1)
6 creatures vanquished.

Notes
Turn   | Place    | Note
-------+----------+-------------------------------------------
     0 | D:1      | elagabalus the Armataur Warper began the quest for the Orb.
     0 | D:1      | Reached XP level 1. HP: 18/18 MP: 3/3
   123 | D:1      | Found a faded altar of an unknown god.
   135 | D:1      | Quit the game

Illustrated notes

Levels and vault maps discovered:
D:1:      denvon_arrival_planthouse, layout_basic,
          shapermc_ecumenical_altar_ellora

Skill      XL: |  1 |
---------------+----+-----
Spellcasting   | 2 |  2.1
Maces & Flails | 2 |  2.0
Fighting       | |  1.9
Throwing       | |  0.8
Armour         | |  1.2
Dodging        | |  1.3
Translocations | |  3.0

Action                     || total
---------------------------++-------
  Melee: Mace              ||    14
         Tailslap          ||     1
 Armour: Skin              ||     6
  Dodge: Dodged            ||     8

Table legend: (Time is in decaauts)
 A = Elapsed time spent in this place.
 B = Non-inter-level travel time spent in this place.
 C = Inter-level travel time spent in this place.
 D = Time resting spent in this place.
 E = Time spent auto-exploring this place.
 F = Levels seen in this place.
 G = Mean time per level.
                   A        B        C        D        E       F      G
               +--------+--------+--------+--------+--------+-----+--------+
         Total |    139 |     63 |     76 |      0 |      0 |   1 |  139.0 |
       Dungeon |    139 |     63 |     76 |      0 |      0 |   1 |  139.0 |
               +--------+--------+--------+--------+--------+-----+--------+

Top non-repeatable levels by time:
     D:1: 139 daAuts
